TOP OF THE 1ST |
Buchanan HS batting - Pitching for Bishop Amat HS : RHP Alex Garrett
|
Pitching: RHP Alex Garrett
|
|
Batting: RHB Juan Martínez
|
0-0: Foul Ball, location: 2F 0-1: Called Strike 0-2: Strikes out swinging
|
Batting: RHB Jorge Álvarez
|
0-0: Ball 1-0: Called Strike 1-1: Ball 2-1: Swinging Strike 2-2: Strikes out swinging
|
Batting: LHB Edgar Cameron
|
0-0: Ground out 5-3 (Groundball, 5)
|
Top of the 1st over - 0 runs, 0 hits, 0 errors, 0 left on base; Buchanan HS 0 - Bishop Amat HS 0 |
BOTTOM OF THE 1ST |
Bishop Amat HS batting - Pitching for Buchanan HS : RHP Ray Lee
|
Pitching: RHP Ray Lee
|
|
Batting: RHB Geoffrey Bishop
|
0-0: Ball 1-0: Called Strike 1-1: SOLO HOME RUN (Flyball, 7D), Distance : 387 ft
|
Batting: RHB Víctor Espinoza
|
0-0: Called Strike 0-1: Swinging Strike 0-2: Ball 1-2: Ball 2-2: Ball 3-2: Foul Ball, location: 2F 3-2: Foul Ball, location: 2F 3-2: Base on Balls
|
Batting: RHB Bill Bailey
|
0-0: Ball 1-0: Called Strike 1-1: Called Strike 1-2: Ball 2-2: Strikes out swinging
|
Batting: RHB José Cruz
|
0-0: Ball Víctor Espinoza is caught stealing 2nd base 1-0: Foul Ball, location: 2F 1-1: Swinging Strike 1-2: Strikes out swinging
|
Bottom of the 1st over - 1 run, 1 hit, 0 errors, 0 left on base; Buchanan HS 0 - Bishop Amat HS 1 |
TOP OF THE 2ND |
Buchanan HS batting - Pitching for Bishop Amat HS : RHP Alex Garrett
|
Batting: SHB Chad MacGregor
|
0-0: SINGLE (Line Drive, 78M)
|
Batting: RHB Jack Lee
|
0-0: Ball 1-0: Ball 2-0: Called Strike 2-1: Foul Ball, location: 2F 2-2: Strikes out swinging
|
Batting: RHB Joe Ritchie
|
0-0: Called Strike 0-1: Foul Ball, location: 2F 0-2: 2-RUN HOME RUN (Flyball, 7LD), Distance : 338 ft
|
Batting: RHB Ed McGahaln
|
0-0: Ball 1-0: SINGLE (Groundball, 6MD)
|
Batting: RHB Jim Williams
|
0-0: Grounds into double play, 1-4-3 (Groundball, 15S)
|
Top of the 2nd over - 2 runs, 3 hits, 0 errors, 0 left on base; Buchanan HS 2 - Bishop Amat HS 1 |
BOTTOM OF THE 2ND |
Bishop Amat HS batting - Pitching for Buchanan HS : RHP Ray Lee
|
Batting: RHB George Guppy
|
0-0: Ball 1-0: Called Strike 1-1: Ball 2-1: Ball 3-1: SINGLE (Line Drive, 89S)
|
Batting: RHB Josh Curry
|
0-0: Ball 1-0: Swinging Strike 1-1: Ball 2-1: Called Strike 2-2: Strikes out swinging
|
Batting: RHB Robbie Davis
|
0-0: Swinging Strike 0-1: Hit by Pitch George Guppy to second
|
Batting: RHB Manuel Díaz
|
0-0: Ball 1-0: Ball 2-0: Foul Ball, location: 2F 2-1: SINGLE (Groundball, 6) (infield hit) George Guppy to third Robbie Davis to second
|
Batting: SHB Marcos Cardona
|
0-0: Reached on error, E3 (Groundball, 34) George Guppy scores Robbie Davis to third Manuel Díaz to second
|
Batting: RHB Geoffrey Bishop
|
0-0: SINGLE (Groundball, 5S) (infield hit) Robbie Davis scores Manuel Díaz to third Marcos Cardona to second
|
Batting: RHB Víctor Espinoza
|
0-0: Ball 1-0: Ball 2-0: Foul Ball, location: 2F 2-1: Called Strike 2-2: Strikes out looking
|
Batting: RHB Bill Bailey
|
0-0: Ball 1-0: Ball 2-0: Ball 3-0: Called Strike 3-1: Base on Balls Manuel Díaz scores Marcos Cardona to third Geoffrey Bishop to second
|
Batting: RHB José Cruz
|
0-0: Called Strike 0-1: Called Strike 0-2: Ball 1-2: Strikes out swinging
|
Bottom of the 2nd over - 3 runs, 3 hits, 1 error, 3 left on base; Buchanan HS 2 - Bishop Amat HS 4 |
TOP OF THE 3RD |
Buchanan HS batting - Pitching for Bishop Amat HS : RHP Alex Garrett
|
Batting: LHB Albert Fuentes
|
0-0: Ball 1-0: Foul Ball, location: 2F 1-1: Ground out 5-3 (Groundball, 56)
|
Batting: RHB Juan Martínez
|
0-0: Ball 1-0: Swinging Strike 1-1: DOUBLE (Groundball, 5L)
|
Batting: RHB Jorge Álvarez
|
0-0: Ball 1-0: Called Strike 1-1: Called Strike 1-2: Strikes out swinging
|
Batting: LHB Edgar Cameron
|
0-0: Called Strike 0-1: Swinging Strike 0-2: Ground out 4-3 (Groundball, 4)
|
Top of the 3rd over - 0 runs, 1 hit, 0 errors, 1 left on base; Buchanan HS 2 - Bishop Amat HS 4 |
BOTTOM OF THE 3RD |
Bishop Amat HS batting - Pitching for Buchanan HS : RHP Ray Lee
|
Batting: RHB George Guppy
|
0-0: Ball 1-0: Ball 2-0: Ball 3-0: Base on Balls
|
Batting: RHB Josh Curry
|
0-0: Ball 1-0: Grounds into double play, 4-6-3 (Groundball, 34)
|
Batting: RHB Robbie Davis
|
0-0: Called Strike 0-1: Ball 1-1: Ball 2-1: Foul Ball, location: 2F 2-2: Foul Ball, location: 2F 2-2: Foul Ball, location: 2F 2-2: DOUBLE (Line Drive, 7D)
|
Batting: RHB Manuel Díaz
|
0-0: Called Strike 0-1: Fly out, F8 (Flyball, 8RM)
|
Bottom of the 3rd over - 0 runs, 1 hit, 0 errors, 1 left on base; Buchanan HS 2 - Bishop Amat HS 4 |
TOP OF THE 4TH |
Buchanan HS batting - Pitching for Bishop Amat HS : RHP Alex Garrett
|
Batting: SHB Chad MacGregor
|
0-0: Ball 1-0: Called Strike 1-1: Ball 2-1: Ball 3-1: Base on Balls
|
Batting: RHB Jack Lee
|
0-0: Ball 1-0: Ball 2-0: Called Strike 2-1: Ball 3-1: Base on Balls Chad MacGregor to second
|
Batting: RHB Joe Ritchie
|
0-0: Ball 1-0: Swinging Strike 1-1: Called Strike 1-2: Ball 2-2: Foul Ball, location: 2F 2-2: Strikes out swinging
|
Batting: RHB Ed McGahaln
|
0-0: Called Strike 0-1: Ball 1-1: Called Strike 1-2: Ball 2-2: Foul Ball, location: 2F 2-2: Foul Ball, location: 2F 2-2: Foul Ball, location: 2F 2-2: Ball 3-2: Strikes out swinging
|
Batting: RHB Jim Williams
|
0-0: Called Strike 0-1: Called Strike 0-2: Ball 1-2: Strikes out swinging
|
Top of the 4th over - 0 runs, 0 hits, 0 errors, 2 left on base; Buchanan HS 2 - Bishop Amat HS 4 |
BOTTOM OF THE 4TH |
Bishop Amat HS batting - Pitching for Buchanan HS : RHP Ray Lee
|
Batting: SHB Marcos Cardona
|
0-0: Ball 1-0: Ground out U3 (Groundball, 3L)
|
Batting: RHB Geoffrey Bishop
|
0-0: Ball 1-0: Foul Ball, location: 2F 1-1: Foul Ball, location: 2F 1-2: Ball 2-2: Ball 3-2: SINGLE (Line Drive, 9S)
|
Batting: RHB Víctor Espinoza
|
0-0: Ball 1-0: Ball Geoffrey Bishop steals 2nd base 2-0: Called Strike 2-1: Foul Ball, location: 2F 2-2: Strikes out swinging
|
Pitching: RHP Carl Cunningham
|
|
Batting: RHB Bill Bailey
|
0-0: Ball 1-0: Swinging Strike 1-1: Ball 2-1: Swinging Strike 2-2: Strikes out swinging
|
Bottom of the 4th over - 0 runs, 1 hit, 0 errors, 1 left on base; Buchanan HS 2 - Bishop Amat HS 4 |
TOP OF THE 5TH |
Buchanan HS batting - Pitching for Bishop Amat HS : RHP Alex Garrett
|
Batting: LHB Albert Fuentes
|
0-0: Called Strike 0-1: TRIPLE (Flyball, 89D)
|
Batting: RHB Juan Martínez
|
0-0: Ball 1-0: Ground out 5-3 (Groundball, 56) Albert Fuentes scores
|
Batting: RHB Jorge Álvarez
|
0-0: Called Strike 0-1: Ball 1-1: Ball 2-1: SOLO HOME RUN (Line Drive, 7LD), Distance : 356 ft
|
Batting: LHB Edgar Cameron
|
0-0: Ball 1-0: Foul Ball, location: 2F 1-1: Ball 2-1: Ground out 4-3 (Groundball, 4)
|
Batting: SHB Chad MacGregor
|
0-0: Foul Ball, location: 2F 0-1: Ground out 6-3 (Groundball, 6)
|
Top of the 5th over - 2 runs, 2 hits, 0 errors, 0 left on base; Buchanan HS 4 - Bishop Amat HS 4 |
BOTTOM OF THE 5TH |
Bishop Amat HS batting - Pitching for Buchanan HS : RHP Carl Cunningham
|
Batting: RHB José Cruz
|
0-0: Ball 1-0: Foul Ball, location: 2F 1-1: Ball 2-1: SOLO HOME RUN (Flyball, 7D), Distance : 383 ft
|
Batting: RHB George Guppy
|
0-0: Ball 1-0: Foul Ball, location: 2F 1-1: Ball 2-1: Ball 3-1: Foul Ball, location: 2F 3-2: Foul Ball, location: 2F 3-2: Base on Balls
|
Batting: RHB Josh Curry
|
0-0: Called Strike 0-1: Foul Ball, location: 2F 0-2: Strikes out looking
|
Batting: RHB Robbie Davis
|
0-0: Ball 1-0: Ball 2-0: Called Strike 2-1: DOUBLE (Flyball, 8RXD) George Guppy to third
|
Batting: RHB Manuel Díaz
|
0-0: Called Strike 0-1: Ball 1-1: Ball 2-1: DOUBLE (Flyball, 7D) George Guppy scores Robbie Davis scores
|
Batting: SHB Marcos Cardona
|
0-0: Swinging Strike 0-1: Swinging Strike 0-2: Ball 1-2: Foul Ball, location: 2F 1-2: Strikes out swinging
|
Batting: RHB Geoffrey Bishop
|
0-0: Ball 1-0: Ball Wild Pitch! Manuel Díaz to third 2-0: Ball 3-0: Foul Ball, location: 2F 3-1: Base on Balls
|
Batting: RHB Víctor Espinoza
|
0-0: Ball 1-0: Called Strike Geoffrey Bishop steals 2nd base 1-1: Ball 2-1: Ball 3-1: Base on Balls
|
Batting: RHB Bill Bailey
|
0-0: Ball 1-0: Ball 2-0: Ball 3-0: Base on Balls Manuel Díaz scores Geoffrey Bishop to third Víctor Espinoza to second
|
Pitching: RHP Rusty Silva
|
|
Batting: RHB José Cruz
|
0-0: Called Strike 0-1: Ball 1-1: Called Strike 1-2: Ball 2-2: Ball 3-2: Base on Balls Geoffrey Bishop scores Víctor Espinoza to third Bill Bailey to second
|
Batting: RHB George Guppy
|
0-0: Fly out, F8 (Flyball, 8RD)
|
Bottom of the 5th over - 5 runs, 3 hits, 0 errors, 3 left on base; Buchanan HS 4 - Bishop Amat HS 9 |
TOP OF THE 6TH |
Buchanan HS batting - Pitching for Bishop Amat HS : RHP Alex Garrett
|
Batting: RHB Jack Lee
|
0-0: SINGLE (Groundball, 56D)
|
Batting: RHB Joe Ritchie
|
0-0: Ball 1-0: Ball 2-0: Ball 3-0: Called Strike 3-1: Base on Balls Jack Lee to second
|
Pitching: LHP Miguel Suárez
|
|
Batting: RHB Ed McGahaln
|
0-0: Ball 1-0: Called Strike 1-1: Ball 2-1: Ball 3-1: Base on Balls Jack Lee to third Joe Ritchie to second
|
Batting: RHB Jim Williams
|
0-0: Called Strike 0-1: Called Strike 0-2: Strikes out swinging
|
Batting: LHB Albert Fuentes
|
0-0: Called Strike 0-1: Foul Ball, location: 2F 0-2: Foul Ball, location: 2F 0-2: Ball 1-2: Strikes out swinging
|
Batting: RHB Juan Martínez
|
0-0: Ball 1-0: Fielders Choice at 2nd, 5-4 (Groundball, 56)
|
Top of the 6th over - 0 runs, 1 hit, 0 errors, 3 left on base; Buchanan HS 4 - Bishop Amat HS 9 |
BOTTOM OF THE 6TH |
Bishop Amat HS batting - Pitching for Buchanan HS : RHP Rusty Silva
|
Batting: RHB Josh Curry
|
0-0: Ball 1-0: Called Strike 1-1: Ball 2-1: Called Strike 2-2: Strikes out swinging
|
Batting: RHB Robbie Davis
|
0-0: Called Strike 0-1: Foul Ball, location: 2F 0-2: Strikes out swinging
|
Batting: RHB Manuel Díaz
|
0-0: Ground out 5-3 (Groundball, 56)
|
Bottom of the 6th over - 0 runs, 0 hits, 0 errors, 0 left on base; Buchanan HS 4 - Bishop Amat HS 9 |
TOP OF THE 7TH |
Buchanan HS batting - Pitching for Bishop Amat HS : LHP Miguel Suárez
|
Batting: RHB Jorge Álvarez
|
0-0: Ball 1-0: Ball 2-0: Ball 3-0: Base on Balls
|
Batting: LHB Edgar Cameron
|
0-0: Foul Ball, location: 2F 0-1: Fielders Choice at 2nd, 6-4 (Groundball, 6)
|
Batting: SHB Chad MacGregor
|
0-0: Foul Ball, location: 2F 0-1: Ball 1-1: Foul Ball, location: 2F 1-2: Fly out, F8 (Flyball, 8RD)
|
Batting: RHB Jack Lee
|
0-0: Ball 1-0: Ball 2-0: Called Strike 2-1: DOUBLE (Groundball, 5L) Edgar Cameron to third
|
Batting: RHB Joe Ritchie
|
0-0: Ball 1-0: Fly out, F8 (Flyball, 8RM)
|
Top of the 7th over - 0 runs, 1 hit, 0 errors, 2 left on base; Buchanan HS 4 - Bishop Amat HS 9 |
BOTTOM OF THE 7TH |
Bishop Amat HS batting - Pitching for Buchanan HS : RHP Rusty Silva
|
Batting: SHB Marcos Cardona
|
0-0: Ball 1-0: Called Strike 1-1: Swinging Strike 1-2: Ball 2-2: SINGLE (Line Drive, 6M)
|
Batting: RHB Geoffrey Bishop
|
0-0: Ball 1-0: Ball 2-0: Foul Ball, location: 2F 2-1: DOUBLE (Line Drive, 7LD) Marcos Cardona to third
|
Batting: RHB Víctor Espinoza
|
0-0: Ball 1-0: Called Strike 1-1: Swinging Strike 1-2: Strikes out swinging
|
Batting: RHB Bill Bailey
|
0-0: Called Strike 0-1: Foul Ball, location: 2F 0-2: Ground out 4-3 (Groundball, 4)
|
Batting: RHB José Cruz
|
0-0: Called Strike 0-1: Called Strike 0-2: Strikes out swinging
|
Bottom of the 7th over - 0 runs, 2 hits, 0 errors, 2 left on base; Buchanan HS 4 - Bishop Amat HS 9 |
TOP OF THE 8TH |
Buchanan HS batting - Pitching for Bishop Amat HS : LHP Miguel Suárez
|
Now in LF: Ralph King
|
|
Batting: RHB Ed McGahaln
|
0-0: Ball 1-0: Called Strike 1-1: Ball 2-1: Swinging Strike 2-2: Foul Ball, location: 2F 2-2: Ball 3-2: Fly out, F6 (Popup, 6)
|
Batting: RHB Jim Williams
|
0-0: Hit by Pitch
|
Batting: LHB Albert Fuentes
|
0-0: Ball 1-0: Ball 2-0: Ball 3-0: Base on Balls Jim Williams to second
|
Batting: RHB Juan Martínez
|
0-0: Ball 1-0: Ball 2-0: Swinging Strike 2-1: Foul Ball, location: 2F 2-2: Ball 3-2: Base on Balls Jim Williams to third Albert Fuentes to second
|
Batting: RHB Jorge Álvarez
|
0-0: Ball 1-0: Ball 2-0: Called Strike 2-1: Called Strike 2-2: Foul Ball, location: 2F 2-2: Ball 3-2: Base on Balls Jim Williams scores Albert Fuentes to third Juan Martínez to second
|
Batting: LHB Edgar Cameron
|
0-0: Ball 1-0: Ball 2-0: Ball 3-0: Base on Balls Albert Fuentes scores Juan Martínez to third Jorge Álvarez to second
|
Pitching: RHP Brian Spencer
|
|
Batting: SHB Chad MacGregor
|
0-0: Foul Ball, location: 2F 0-1: Foul Ball, location: 2F 0-2: Ball 1-2: Fielders Choice at 2nd, 6-4 (Groundball, 6) Juan Martínez scores Jorge Álvarez to third
|
Batting: RHB Jack Lee
|
0-0: Ball 1-0: Fly out, F9 (Line Drive, 9S)
|
Top of the 8th over - 3 runs, 0 hits, 0 errors, 2 left on base; Buchanan HS 7 - Bishop Amat HS 9 |
BOTTOM OF THE 8TH |
Bishop Amat HS batting - Pitching for Buchanan HS : RHP Rusty Silva
|
Batting: RHB George Guppy
|
0-0: Fly out, F9 (Flyball, 89S)
|
Batting: RHB Josh Curry
|
0-0: DOUBLE (Flyball, 89D)
|
Batting: RHB Robbie Davis
|
0-0: Intentional Walk
|
Pinch Hitting: SHB Bill Ríos
|
0-0: Ball 1-0: Ball 2-0: Ball 3-0: Called Strike 3-1: Fly out, F3 (Popup, 34S)
|
Pinch Hitting: SHB Aubrey Robinson
|
0-0: Foul Ball, location: 2F 0-1: Ball 1-1: Ball 2-1: Fly out, F7 (Flyball, 7LMF)
|
Bottom of the 8th over - 0 runs, 1 hit, 0 errors, 2 left on base; Buchanan HS 7 - Bishop Amat HS 9 |
TOP OF THE 9TH |
Buchanan HS batting - Pitching for Bishop Amat HS : RHP Brian Spencer
|
Now at 3B: Aubrey Robinson
|
|
Now at SS: Adrián Hall
|
|
Batting: RHB Joe Ritchie
|
0-0: Ball 1-0: Ball 2-0: Fly out, F4 (Flyball, 4D)
|
Batting: RHB Ed McGahaln
|
0-0: Ball 1-0: Ball 2-0: Called Strike 2-1: Called Strike 2-2: Strikes out swinging
|
Batting: RHB Jim Williams
|
0-0: Ball 1-0: Swinging Strike 1-1: Ball 2-1: Called Strike 2-2: Ground out 6-3 (Groundball, 6)
|
Top of the 9th over - 0 runs, 0 hits, 0 errors, 0 left on base; Buchanan HS 7 - Bishop Amat HS 9 |
|